 Dungeon Crawl Stone Soup version 0.28.0-53-g5a82cb258f (webtiles) character file.

Game seed: 635003529908499565

2102 Atelerd the Magician (level 9, -9/53 HPs)
             Began as an Octopode Earth Elementalist on June 11, 2022.
             Was a Believer of Sif Muna.
             Mangled by a two-headed ogre
             ... wielding a +0 giant club
              (37 damage)
             ... on level 7 of the Dungeon on June 12, 2022.
             The game lasted 00:13:21 (9203 turns).

Atelerd the Magician (Octopode Earth Elementalist)  Turns: 9203, Time: 00:13:21

Health: -9/53      AC:  1    Str:  8    XL:     9   Next: 28%
Magic:  18/19      EV: 13    Int: 21    God:    Sif Muna [**....]
Gold:   417        SH:  0    Dex: 12    Spells: 14/22 levels left

rFire   . . .      SeeInvis .   a - +1 dagger (venom)
rCold   . . .      Faith    .   (no shield)
rNeg    . . .      Spirit   .   (helmet restricted)
rPois   .          Reflect  .   C - amulet of magic regeneration
rElec   .          Harm     .   (no ring)
rCorr   .          Rampage  .   (no ring)
Will    .....                   (no ring)
Stlth   +++.......              (no ring)
HPRegen 0.17/turn               (no ring)
MPRegen 0.56/turn               (no ring)
                                (no ring)
                                (no ring)

@: no status effects
A: almost no armour, amphibious, 8 rings, camouflage 1, gelatinous body 1,
(nimble swimmer 1), tentacles
a: Renounce Religion, Channel Magic


You were on level 7 of the Dungeon.
You worshipped Sif Muna.
Sif Muna was pleased with you.
You visited 1 branch of the dungeon, and saw 7 of its levels.
You also visited: Sewer and Ossuary.

You collected 417 gold pieces.

Inventory:

Hand Weapons
 a - a +1 dagger of venom (weapon)
 e - a +0 dagger
Missiles
 j - 2 throwing nets
 n - 34 stones
Armour
 E - a +0 buckler
Magical Staves
 b - a staff of earth
Jewellery
 h - an amulet of guardian spirit
 k - an amulet of the acrobat
 C - an amulet of magic regeneration (around mantle)
 H - a +4 ring of slaying
 I - a ring of protection from cold
Wands
 t - a wand of mindburst (5)
 G - a wand of flame (3)
Scrolls
 c - 4 scrolls of teleportation
 f - 2 scrolls of enchant weapon
 i - a scroll of immolation {unknown}
 o - a scroll of magic mapping
 s - a scroll of blinking
 y - a scroll of vulnerability {unknown}
 z - a scroll of enchant armour
 D - a scroll of amnesia
Potions
 d - a potion of brilliance {unknown}
 g - a potion of heal wounds {unknown}
 l - a potion of degeneration {unknown}
 m - a potion of cancellation {unknown}
 p - 2 potions of berserk rage {unknown}
 q - 2 potions of haste {unknown}
 r - 3 potions of mutation {unknown}
 u - 4 potions of curing {unknown}
 v - 2 potions of lignification {unknown}
 w - a potion of might {unknown}
 x - a potion of ambrosia {unknown}
 A - 6 potions of flight
 B - a potion of magic {unknown}
 F - a potion of resistance {unknown}


   Skills:
 + Level 1.0 Fighting
 + Level 0.9 Short Blades
 + Level 2.6 Dodging
 + Level 3.5 Stealth
 + Level 0.9 Shields
 * Level 7.3 Spellcasting
 + Level 2.3 Conjurations
 - Level 5.2 Transmutations
 + Level 6.7 Earth Magic
 + Level 0.9 Invocations


You had 14 spell levels left.
You knew the following spells:

 Your Spells              Type           Power      Damage    Failure   Level
a - Sandblast             Erth           72%        2d16      1%          1
p - Petrify               Tmut/Erth      32%        N/A       8%          4
r - Stone Arrow           Conj/Erth      52%        3d10      4%          3

Your spell library contained the following spells:

 Spells                   Type           Power      Damage    Failure   Level
 Passwall                 Tmut/Erth      26%        N/A       1%          2
 Slow                     Hex            28%        N/A       9%          1
 Confusing Touch          Hex            7%         N/A       26%         3
 Vampiric Draining        Necr           7%         2d6       26%         3


Dungeon Overview and Level Annotations

Branches:
Dungeon (7/15)             Temple (0/1) D:6           Sewer (visited)
Ossuary (visited)

Altars:
Elyvilon
Fedhas
Gozag
Okawaru
Sif Muna

Shops:
D:6 *

Annotations:
D:2 exclusion: downstairs
D:4 exclusion: downstairs


Innate Abilities, Weirdness & Mutations

You cannot wear most types of armour.
You are amphibious.
You can wear up to eight rings at the same time.
Your skin changes colour to match your surroundings (Stealth+).
Your rubbery body absorbs attacks. (AC +1, EV +1)
((You are camouflaged when in or above water. (Stealth+)))
You have tentacles for arms and can constrict up to eight enemies at once.


Message History

You are too injured to fight recklessly!
The helpless two-headed ogre fails to defend itself.
You puncture the two-headed ogre!
The two-headed ogre is poisoned.
The two-headed ogre is lightly wounded.
The helpless two-headed ogre fails to defend itself.
You puncture the two-headed ogre!
The two-headed ogre looks as sick as possible!
The two-headed ogre is lightly wounded.
The helpless two-headed ogre fails to defend itself.
You hit the two-headed ogre.
The two-headed ogre is lightly wounded.
The helpless two-headed ogre fails to defend itself.
You puncture the two-headed ogre!
The two-headed ogre looks as sick as possible!
The two-headed ogre is moderately wounded.
The helpless two-headed ogre fails to defend itself.
You puncture the two-headed ogre!
The two-headed ogre looks as sick as possible!
The two-headed ogre is moderately wounded.
The helpless two-headed ogre fails to defend itself.
You hit the two-headed ogre.
The two-headed ogre looks as sick as possible!
You squeeze the two-headed ogre.
The two-headed ogre is heavily wounded.
The helpless two-headed ogre fails to defend itself.
You hit the two-headed ogre.
The two-headed ogre looks as sick as possible!
You squeeze the two-headed ogre.
The two-headed ogre is heavily wounded.
The two-headed ogre is no longer petrified.
Casting: Petrify (dangerous; 8% risk of failure)
Confirm with . or Enter, or press ? or * to list all spells.
Aiming: Sandblast (safe; 1% risk of failure)
Press: ? - help, Shift-Dir - straight line, f/p - two-headed ogre
Aim: a two-headed ogre, wielding a +0 giant club and a +0 dire flail of protection (severely wounded, extremely poisoned, 91% to hit)
The blast of sand hits the two-headed ogre!
The two-headed ogre is almost dead.
The two-headed ogre hits you with a +0 giant club!!!
Ouch! That really hurt!
You die...

#############
###..@........##
###.<..O.........##
###.................#
##.................##
.##...................#
......................#
........(##.............
###.......#(..........##
#....................#


You could see a two-headed ogre (extremely poisoned).

Vanquished Creatures
  Edmund (D:5)
  An ice beast (D:5)
  A necrophage (D:5)
  A black bear (D:7)
  An ogre (D:5)
  3 centaurs
  A phantom (D:4)
  A kobold brigand (D:6)
  A scorpion (D:5)
  4 water moccasin zombies
  5 water moccasin skeletons
  2 hounds
  2 jellies
  2 bullfrog skeletons (D:5)
  An orc priest (D:3)
  2 iguanas
  An orc wizard (D:3)
  A scorpion zombie (D:5)
  A merfolk siren (Sewer)
  A merfolk avatar (Sewer)
  A hound skeleton (D:4)
  2 mummies (Ossuary)
  10 gnolls (D:3)
  2 howler monkey skeletons
  13 adders
  5 adder zombies (Ossuary)
  8 orcs
  8 ball pythons
  7 endoplasms
  10 giant cockroaches
  5 gnoll zombies (Ossuary)
  10 goblins
  3 hobgoblins
  3 quokkas
  3 bats
  7 frilled lizards
  2 hobgoblin zombies (Ossuary)
  14 kobolds
  A kobold zombie (Ossuary)
  5 orc zombies (Ossuary)
  28 rats
180 creatures vanquished.

Notes
Turn   | Place    | Note
-------+----------+-------------------------------------------
     0 | D:1      | Atelerd the Octopode Earth Elementalist began the quest for
                  | the Orb.
     0 | D:1      | Reached XP level 1. HP: 11/11 MP: 3/3
   703 | D:1      | Reached XP level 2. HP: 17/17 MP: 3/5
  1421 | D:2      | Reached XP level 3. HP: 21/21 MP: 4/6
  1856 | D:2      | Learned a level 3 spell: Stone Arrow
  1930 | D:2      | Reached XP level 4. HP: 22/27 MP: 7/7
  2818 | D:3      | Reached XP level 5. HP: 31/31 MP: 7/9
  3206 | D:3      | Reached skill level 3 in Spellcasting
  4045 | D:3      | Reached XP level 6. HP: 36/36 MP: 6/10
  4306 | D:4      | Found a shimmering blue altar of Sif Muna.
  4484 | D:4      | Found an iron altar of Okawaru.
  4525 | D:4      | Found a sand-covered staircase.
  4530 | Ossuary  | Entered an ossuary
  4564 | Ossuary  | Reached skill level 1 in Conjurations
  4664 | Ossuary  | Reached XP level 7. HP: 41/41 MP: 4/12
  5089 | D:4      | Reached skill level 5 in Transmutations
  5092 | D:4      | Became a worshipper of Sif Muna the Loreminder
  6206 | D:5      | Entered Level 5 of the Dungeon
  6212 | D:5      | Learned a level 4 spell: Petrify
  6225 | D:5      | Reached skill level 4 in Spellcasting
  6283 | D:5      | Reached skill level 5 in Earth Magic
  6311 | D:5      | Noticed Edmund
  6313 | D:5      | Reached XP level 8. HP: 41/46 MP: 4/15
  6439 | D:5      | Reached skill level 5 in Spellcasting
  6724 | D:5      | Found an opulent altar of Gozag.
  6803 | D:5      | Killed Edmund
  6944 | D:5      | Reached skill level 6 in Spellcasting
  7056 | D:5      | Found a blossoming altar of Fedhas.
  7102 | D:5      | Found a white marble altar of Elyvilon.
  7499 | D:6      | Found a staircase to the Ecumenical Temple.
  7672 | D:6      | Reached XP level 9. HP: 51/51 MP: 19/19
  7741 | D:6      | Reached skill level 7 in Spellcasting
  7809 | D:6      | Found a glowing drain.
  7822 | Sewer    | Entered a sewer
  7856 | Sewer    | Reached * piety under Sif Muna
  8041 | Sewer    | Reached ** piety under Sif Muna
  8499 | D:6      | Found Amaw's Neck Hole.
  9104 | D:7      | Reached skill level 1 in Fighting
  9166 | D:7      | Noticed a two-headed ogre
  9203 | D:7      | Mangled by a two-headed ogre

Illustrated notes

Levels and vault maps discovered:
D:1:      minmay_arrival_solitary_statue, layout_basic, skrybe_limestone_x,
          st_stairs_14
D:2:      layout_loops_ring
D:3:      layout_loops_ring
D:4:      layout_layer_cave, mainiacjoe_overflow_alcove_4,
          mainiacjoe_overflow_cross_hatched, enter_ossuary_2,
          kennysheep_generic_room_2
D:5:      layout_cave_pools, grunt_gozag_statues, mainiacjoe_overflow_big_doors,
          uniq_edmund
D:6:      layout_basic, temple_fountains, portal_sewer_entry_d,
          nicolae_shop_sticking_my_neck_out
D:7:      layout_cave_pools, mainiacjoe_overflow_boulevard, grunt_decor_clamped,
          wad_mini_maze

Skill      XL: |  1  2  3  4  5  6  7  8  9 |
---------------+----------------------------+-----
Stealth        | 3 |  3.5
Transmutations | 2 3 4 5 |  5.2
Spellcasting   | 3 4 6 7 |  7.3
Earth Magic    | 4 5 6 |  6.7
Conjurations   | 2 |  2.3
Fighting       | 1 |  1.0
Short Blades   | |  0.9
Dodging        | |  2.6
Shields        | |  0.9
Invocations    | |  0.9

Action                   |  1- 3 |  4- 6 |  7- 9 || total
-------------------------+-------+-------+-------++-------
Melee: Unarmed           |     5 |       |       ||     5
       Constrict         |    11 |     8 |    41 ||    60
       Dagger            |    27 |    44 |   144 ||   215
       Tentacles         |     9 |     8 |    51 ||    68
       Punch             |       |     1 |     6 ||     7
       Staff             |       |       |    34 ||    34
 Cast: Sandblast         |    32 |    48 |    68 ||   148
       Stone Arrow       |       |     6 |    16 ||    22
       Petrify           |       |       |    14 ||    14
  Use: Scroll            |       |     1 |     7 ||     8
 Stab: Sleeping          |     4 |     8 |    17 ||    29
       Petrified         |       |       |    44 ||    44
Armor: Skin              |     1 |     3 |    10 ||    14
Dodge: Dodged            |    26 |    37 |   143 ||   206
